 Dungeon Crawl Stone Soup version 0.16-a0-3295-gb88e9a2 (webtiles) character file.

2810 myeffort the Covert (level 9, -4/43 HPs)
             Began as a Vine Stalker Chaos Knight on Dec 25, 2014.
             Was a Plaything of Xom.
             Killed by divine providence
             ... invoked by an orc priest
              (10 damage)
             ... on level 7 of the Dungeon.
             The game lasted 00:21:37 (4592 turns).

myeffort the Covert (Vine Stalker Chaos Knight)     Turns: 4592, Time: 00:21:38

Health: -4/43      AC: 13    Str: 16    XL:     9   Next: 72%
Magic:  0/12       EV: 11    Int: 10    God:    Xom [...*..]
Gold:   442        SH:  0    Dex: 14    Spells: 0 memorised, 8 levels left

rFire  . . .     SeeInvis +     s - +1 short sword (protect)
rCold  . . .     Clarity  .     B - +1 leather armour {MR+}
rNeg   . . .     SustAb   .     (no shield)
rPois  .         Gourm    .     o - +0 helmet
rElec  .         Spirit   +     (no cloak)
rCorr  .         Warding  .     y - +1 pair of gloves {Dex+3}
rMut   .         Stasis   .     i - +0 pair of boots
MR     ++...                    (no amulet)
Stlth  +++++.....               h - -3 ring of dexterity (curse)
                                E - +2 ring of protection

@: very resistant to hostile enchantments, quite stealthy
A: fangs 3, see invisible, clumsy 1, deformed body, dopey 1, regeneration 2,
magic shield, antimagic bite, no device heal 3, rot immunity, forlorn,
MP-powered wands 1
a: Renounce Religion


You were on level 7 of the Dungeon.
You worshipped Xom.
You were a favourite toy of Xom.
You were not hungry.

You visited 1 branch of the dungeon, and saw 7 of its levels.
You also visited: Sewer and Ossuary.

You collected 442 gold pieces.

Inventory:

Hand weapons
 a - a +0 short sword of chaos
 s - a +1 short sword of protection (weapon)
 t - a cursed +0 blowgun
Missiles
 m - 48 poisoned needles
Armour
 b - a +2 leather armour
 i - a +0 pair of boots (worn)
 o - a +0 helmet (worn)
 y - a +1 pair of gloves of dexterity (worn)
 B - a +1 leather armour of magic resistance (worn)
Jewellery
 h - a cursed -3 ring of dexterity (right hand)
 E - a +2 ring of protection (left hand)
Scrolls
 d - 4 scrolls of amnesia {unknown}
 e - 7 scrolls of identify {unknown}
 f - a scroll of fog {unknown}
 g - 3 scrolls of enchant armour {unknown}
 j - 2 scrolls of blinking {unknown}
 k - a scroll of noise {unknown}
 p - a scroll of recharging {unknown}
 q - a scroll of immolation
 x - 2 scrolls of teleportation {unknown}
 z - a scroll of magic mapping {unknown}
Potions
 u - a potion of restore abilities
 v - 4 potions of curing
 D - a potion of brilliance
Comestibles
 c - 4 bread rations
 l - 2 beef jerkies
 r - 4 fruits
 w - a slice of pizza


   Skills:
 - Level 2.6 Fighting
 + Level 6.3 Short Blades
 - Level 1.5 Armour
 - Level 0.7 Dodging
 + Level 14.1 Stealth


You had 8 spell levels left.
You didn't know any spells.

Dungeon Overview and Level Annotations

Branches:
Dungeon (7/15)
 Temple: D:4-7

Altars:
Ashenzari
Fedhas
Gozag
Okawaru
Qazlal


Innate Abilities, Weirdness & Mutations

You have razor-sharp teeth.
You heal very quickly.
When hurt, damage is shared between your health and your magic reserves.
Your bite disrupts and absorbs the magic of your enemies.
Potions and wands cannot restore your health.
You are immune to rotting.
You have supernaturally acute eyesight.
You are clumsy. (Dex -2)
Armour fits poorly on your strangely shaped body.
You are dopey. (Int -2)
You have difficulty communicating with the divine.
You expend magic power (6 MP) to slightly strengthen your wands.


Message History

* * * LOW HITPOINT WARNING * * *
You completely miss the orc warrior. You completely miss the orc warrior.
You bite the orc warrior, but do no damage.
The orc warrior hits you with a hand axe.
* * * LOW HITPOINT WARNING * * *
You barely miss the orc warrior. Your bite misses the orc warrior.
The orc priest looks braver.
The orc warrior hits you with a hand axe.
* * * LOW HITPOINT WARNING * * *
You hit the orc warrior.
The orc warrior is lightly wounded.
You hit the orc warrior but do no damage.
Your bite misses the orc warrior.
The orc warrior is lightly wounded.
The orc warrior closely misses you.
The orc priest mumbles some strange prayers to Beogh against you.
Something smites you!
You die...
Xom is highly amused!

#..........#
#..........#
######.....(....#
................##
.####......o..o.o+
...........o...oc#
........########o#
........# #o#
........# #@#
....o...# #.#
#####'### #.# #>.
... ## #.. ... .#
##### ##.## .#
#... ... .#####.#
... .......# ...


You could see an orc warrior, a centaur, an orc priest, an orc wizard
(invisible) and an orc.

Vanquished Creatures
  The ghost of WereVolvo the Skirmisher, an experienced OgHu (D:5)
  A kobold demonologist (Sewer)
  Grinder (Sewer)
  A wraith (D:7)
  3 sky beasts (D:5)
  An ogre (D:6)
  A big kobold (Sewer)
  2 elf zombies (Ossuary)
  Blork the orc (D:4)
  A giant frog (D:6)
  3 wights (D:6)
  A crimson imp (D:5)
  3 quasits
  A goliath beetle (D:6)
  2 centaur zombies (Ossuary)
  2 giant frog skeletons
  An orc priest (D:6)
  3 jellies (D:5)
  A human zombie (Ossuary)
  An iguana (D:4)
  3 orc wizards (D:4)
  3 worker ants
  4 big kobold zombies (Sewer)
  2 mummies (Ossuary)
  9 adders
  A river rat (D:4)
  3 shadow imps (Sewer)
  3 giant mites
  A worm (D:3)
  2 ufetubi (Sewer)
  2 adder zombies
  4 giant geckos
  11 orcs
  4 ball pythons
  2 bat skeletons (D:6)
  3 bat zombies
  8 giant cockroaches
  10 goblins
  12 hobgoblins
  3 jackals (D:5)
  24 kobolds
  3 oozes
  2 quokkas
  10 bats
  2 giant newts
  A goblin zombie (Ossuary)
  10 hobgoblin zombies (Ossuary)
  2 jackal zombies (Ossuary)
  13 kobold zombies
  7 orc zombies (Ossuary)
  A quokka zombie (D:5)
  10 rats
206 creatures vanquished.

Vanquished Creatures (others)
  A kobold zombie (Sewer)
1 creature vanquished.

Grand Total: 207 creatures vanquished

Notes
Turn   | Place    | Note
--------------------------------------------------------------
     0 | D:1      | myeffort, the Vine Stalker Chaos Knight, began the quest for the Orb.
     0 | D:1      | Reached XP level 1. HP: 11/11 MP: 1/1
    27 | D:1      | Reached skill level 1 in Stealth
    33 | D:1      | XOM: smoke on damage
    41 | D:1      | XOM: silly message
   144 | D:1      | Found an iron altar of Okawaru.
   201 | D:1      | XOM: potion effect (invisibility)
   205 | D:1      | Reached XP level 2. HP: 16/16 MP: 3/3
   308 | D:2      | Reached skill level 3 in Stealth
   325 | D:1      | Reached XP level 3. HP: 8/19 MP: 2/4
   456 | D:1      | Reached skill level 4 in Stealth
   458 | D:1      | XOM: smoke on damage
   720 | D:2      | XOM: harmless Fire miscast
   792 | D:3      | Reached XP level 4. HP: 21/23 MP: 5/5
   847 | D:2      | Found an opulent altar of Gozag.
   943 | D:2      | Found a shattered altar of Ashenzari.
  1058 | D:3      | Reached skill level 5 in Stealth
  1551 | D:3      | XOM: divination: magic mapping
  1651 | D:4      | Reached XP level 5. HP: 27/27 MP: 7/7
  1657 | D:4      | Reached skill level 6 in Stealth
  1720 | D:4      | Noticed Blork the orc
  1735 | D:4      | Killed Blork the orc
  1735 | D:4      | Reached skill level 7 in Stealth
  1903 | D:4      | Gained mutation: You heal very quickly. [vine stalker growth]
  1903 | D:4      | Reached XP level 6. HP: 30/32 MP: 8/8
  1975 | D:4      | XOM: cast spell 'Metabolic Englaciation'
  1985 | D:4      | XOM: enchant monster (good)
  1989 | D:4      | XOM: enchant monster (good)
  1994 | D:4      | Reached skill level 8 in Stealth
  2014 | D:4      | Found a glowing drain.
  2046 | Sewer    | XOM: stealth player
  2046 | Sewer    | Entered a sewer
  2176 | Sewer    | XOM: enchant monster (bad)
  2215 | Sewer    | Found a burning altar of Makhleb.
  2259 | Sewer    | Noticed an apprentice kobold demonologist
  2278 | Sewer    | Reached skill level 9 in Stealth
  2279 | Sewer    | XOM: chaos cloud
  2282 | Sewer    | Killed an apprentice kobold demonologist
  2282 | Sewer    | Reached skill level 10 in Stealth
  2282 | Sewer    | Reached XP level 7. HP: 14/35 MP: 6/9
  2283 | Sewer    | Paralysed by you for 6 turns
  2290 | Sewer    | XOM: potion effect (might)
  2323 | Sewer    | XOM: harmless Trmt miscast
  2339 | Sewer    | Noticed Grinder
  2352 | Sewer    | Killed Grinder
  2352 | Sewer    | Reached skill level 11 in Stealth
  2352 | Sewer    | Gained mutation: You have razor-sharp teeth. [vine stalker growth]
  2352 | Sewer    | Reached XP level 8. HP: 24/39 MP: 11/11
  2386 | Sewer    | XOM: potion effect (brilliance)
  2400 | Sewer    | XOM: enchant monster (bad)
  2454 | D:4      | XOM: harmless Ice miscast
  2552 | D:4      | XOM: god gift: pair of runed gloves {god gift}
  2630 | D:4      | Reached skill level 12 in Stealth
  2716 | D:4      | XOM: cast spell 'Summon Butterflies'
  2751 | D:5      | Entered Level 5 of the Dungeon
  2932 | D:5      | XOM: harmless Erth miscast
  3066 | D:5      | Gained mutation: You expend magic power (6 MP) to slightly strengthen your wands. [mutagenic meat]
  3071 | D:5      | Gained mutation: You are clumsy. (Dex -2) [mutagenic meat]
  3080 | D:5      | Found a sand-covered staircase.
  3093 | Ossuary  | Entered an ossuary
  3133 | Ossuary  | XOM: 1-stop teleportation journey
  3136 | Ossuary  | XOM: divination: magic mapping
  3187 | Ossuary  | XOM: potion effect (magic)
  3246 | Ossuary  | XOM: give mutations
  3246 | Ossuary  | Gained mutation: Armour fits poorly on your strangely shaped body. [Xom's mischief]
  3246 | Ossuary  | Gained mutation: You are dopey. (Int -2) [Xom's mischief]
  3313 | Ossuary  | XOM: swap monsters
  3352 | Ossuary  | Reached skill level 13 in Stealth
  3352 | Ossuary  | Reached XP level 9. HP: 38/43 MP: 12/12
  3419 | D:5      | Gained mutation: You have difficulty communicating with the divine. [mutagenic meat]
  3421 | D:5      | Gained mutation: You have supernaturally acute eyesight. [mutagenic meat]
  3593 | D:5      | Noticed WereVolvo's ghost (experienced OgHu)
  3639 | D:5      | XOM: potion effect (haste)
  3668 | D:5      | XOM: potion effect (invisibility)
  3695 | D:5      | Killed WereVolvo's ghost
  3695 | D:5      | Reached skill level 5 in Short Blades
  3830 | D:6      | Found a stormy altar of Qazlal.
  3851 | D:6      | Found a blossoming altar of Fedhas.
  4007 | D:6      | XOM: god gift: 34 gold pieces
  4392 | D:7      | Reached skill level 14 in Stealth
  4592 | D:7      | Killed from afar by an orc priest

Action                   |  1- 3 |  4- 6 |  7- 9 || total
-------------------------+-------+-------+-------++-------
Melee: Short sword       |   106 |   245 |   427 ||   778
  Use: Potion            |       |     5 |     6 ||    11
       Scroll            |       |       |     3 ||     3
 Stab: Invisible         |     1 |       |     3 ||     4
       Sleeping          |     4 |    11 |    17 ||    32
       Paralysed         |       |     5 |       ||     5
       Petrifying        |       |     1 |       ||     1
       Distracted        |       |       |     1 ||     1
       Confused          |       |       |     1 ||     1
  Eat: Chunk             |       |     2 |     6 ||     8
       Meat ration       |       |     1 |       ||     1
       Bread ration      |       |       |     1 ||     1
       Royal jelly       |       |       |     1 ||     1
